 Dungeon Crawl Stone Soup version 0.29-a0-88-g03a7b78be7 (webtiles) character file.

Game seed: 15926470199714426224

32 Sweetruy1997 the Chucker (level 3, -4/36 HPs)
             Began as an Ogre Hunter on Feb 5, 2022.
             Slain by a gnoll (8 damage)
             ... on level 2 of the Dungeon.
             The game lasted 00:04:00 (931 turns).

Sweetruy1997 the Chucker (Ogre Hunter)               Turns: 931, Time: 00:04:00

Health: -4/36      AC:  3    Str: 16    XL:     3   Next: 27%
Magic:  3/3        EV: 10    Int: 12    God:
Gold:   56         SH:  0    Dex: 11    Spells: 2/2 levels left

rFire   . . .      SeeInvis .   a - +0 short sword
rCold   . . .      Faith    .   (no shield)
rNeg    . . .      Spirit   .   b - +0 robe
rPois   .          Reflect  .   (helmet restricted)
rElec   .          Harm     .   (no cloak)
rCorr   .          Rampage  .   (gloves unavailable)
Will    .....                   (boots unavailable)
Stlth   +.........              (no amulet)
HPRegen 0.12/turn               (no ring)
MPRegen 0.08/turn               (no ring)

@: no status effects
A: large, unfitting armour, tough skin 1
a: no special abilities


You were on level 2 of the Dungeon.
You visited 1 branch of the dungeon, and saw 2 of its levels.

You collected 56 gold pieces.

Inventory:

Hand Weapons
 a - a +0 short sword (weapon)
Armour
 b - a +0 robe (worn)
Scrolls
 e - 2 scrolls of identify {unknown}


   Skills:
 + Level 2.8 Fighting
 + Level 0.5 Short Blades
 + Level 4.8 Throwing
 + Level 2.0 Dodging
 + Level 0.6 Stealth


You had 2 spell levels left.
You didn't know any spells.
Your spell library was empty.

Dungeon Overview and Level Annotations

Branches:
Dungeon (2/15)

Altars:


Innate Abilities, Weirdness & Mutations

You are too large for most types of armour.
You have tough skin. (AC +1)


Message History

The gnoll struggles against the net.
The net rips apart, and the gnoll comes free!
The gnoll misses you.
You barely miss the gnoll.
The gnoll is heavily wounded.
The gnoll hits you with a +0 club!
The gnoll hits you from afar with a +0 spear.
You throw a throwing net. The throwing net hits the gnoll.
The gnoll is caught in the net!
The gnoll is heavily wounded.
The gnoll struggles against the net.
The gnoll completely misses you.
You hit the gnoll but do no damage.
The gnoll is moderately wounded.
The gnoll struggles against the net.
The gnoll hits you from afar with a +0 spear.
You barely miss the gnoll.
The gnoll is moderately wounded.
The gnoll struggles against the net.
The gnoll misses you.
You strike the helpless gnoll from behind!
You hit the gnoll.
The gnoll is heavily wounded.
The gnoll struggles against the net.
The gnoll misses you.
You hit the gnoll.
The gnoll is severely wounded.
The gnoll struggles against the net.
The gnoll hits you from afar with a +0 spear!
You hit the gnoll.
The gnoll is almost dead.
The gnoll struggles against the net.
The gnoll hits you from afar with a +0 spear.
The gnoll struggles against the net.
The net rips apart, and the gnoll comes free!
You hit the gnoll.
The gnoll is almost dead.
The gnoll hits you from afar with a +0 spear!
* * * LOW HITPOINT WARNING * * *
You barely miss the gnoll.
The gnoll is almost dead.
The gnoll hits you with a +0 club!
You die...

.. #.##### .#. #
#. #.#...#..# #.#.
#........#
##.#.#####....####
#..........#.##
###..#..####.#.#
.......(.# #.#.#
..#..##..##.....
.....#8@.8##....
#.#..gg(......###
# #.#..>...#### #
##8..8## ##..##
#.## ... ###


You could see 2 gnolls.

Vanquished Creatures
  A gnoll (D:2)
  A dart slug (D:2)
  4 endoplasms (D:1)
  2 goblins (D:1)
  2 hobgoblins (D:1)
  3 ball pythons
  A bat (D:2)
  A frilled lizard (D:1)
  7 rats
22 creatures vanquished.

Notes
Turn   | Place    | Note
-------+----------+-------------------------------------------
     0 | D:1      | Sweetruy1997 the Ogre Hunter began the quest for the Orb.
     0 | D:1      | Reached XP level 1. HP: 22/22 MP: 1/1
   156 | D:1      | Reached XP level 2. HP: 9/29 MP: 2/2
   916 | D:2      | Reached XP level 3. HP: 35/36 MP: 3/3
   931 | D:2      | Slain by a gnoll

Illustrated notes

Levels and vault maps discovered:
D:1:      minmay_arrival_solitary_statue, layout_rooms, roderic_serpentine_path,
          serial_bayou_ford_a, minmay_misc_feat_roman
D:2:      layout_loops_ring, dilly_ecumenical_altar_fadedgnrine, st_stairs_6

Skill      XL: |  1  2 |
---------------+-------+-----
Dodging        | 2 |  2.0
Fighting       | |  2.8
Short Blades   | |  0.5
Throwing       | |  4.8
Stealth        | |  0.6

Action                   || total
-------------------------++-------
Melee: Short sword       ||    41
Throw: Large rock        ||    21
       Throwing net      ||     2
 Stab: Sleeping          ||     1
       Held in net/web   ||     2
Armor: Robe              ||     9
Dodge: Dodged            ||    18

Table legend: (Time is in decaauts)
 A = Elapsed time spent in this place.
 B = Non-inter-level travel time spent in this place.
 C = Inter-level travel time spent in this place.
 D = Time resting spent in this place.
 E = Time spent auto-exploring this place.
 F = Levels seen in this place.
 G = Mean time per level.
                   A        B        C        D        E       F      G
               +--------+--------+--------+--------+--------+-----+--------+
         Total |    958 |    947 |     11 |    213 |    590 |   2 |  479.0 |
       Dungeon |    958 |    947 |     11 |    213 |    590 |   2 |  479.0 |
               +--------+--------+--------+--------+--------+-----+--------+

Top non-repeatable levels by time:
     D:1: 857 daAuts
     D:2: 101 daAuts
